 Dungeon Crawl Stone Soup version 0.28-a0-1080-g05a166d0ed (webtiles) character file.

Game seed: 15924704928897267782

58 ytrimaz the Insei (level 4, -4/29 HPs)
             Began as an Octopode Transmuter on Dec 10, 2021.
             Killed from afar by Sigmund (6 damage)
             ... with a magic dart
             ... on level 2 of the Dungeon.
             The game lasted 00:02:32 (2047 turns).

ytrimaz the Insei (Octopode Transmuter)             Turns: 2047, Time: 00:02:33

Health: -4/29      AC:  1    Str:  9    XL:     4   Next: 2%
Magic:  7/7        EV: 13    Int: 17    God:
Gold:   118        SH:  0    Dex: 12    Spells: 2/8 levels left

rFire   . . .      SeeInvis .     - Unarmed
rCold   . . .      Faith    .   (no shield)
rNeg    . . .      Spirit   .   (helmet currently unavailable)
rPois   .          Reflect  .   (no amulet)
rElec   .          Harm     .   (no ring)
rCorr   .          Rampage  .   (no ring)
Will    .....                   (no ring)
Stlth   ++........              (no ring)
HPRegen 0.09/turn               (no ring)
MPRegen 0.10/turn               (no ring)
                                (no ring)
                                (no ring)

@: appendages (expiring), wereblooded
A: tentacle spike 3, almost no armour, amphibious, 8 rings, camouflage 1,
gelatinous body 1, (nimble swimmer 1), tentacles
a: End Transformation


You were on level 2 of the Dungeon.
One of your tentacles had grown a beastly spike.
You visited 1 branch of the dungeon, and saw 2 of its levels.

You collected 118 gold pieces.

Inventory:

Wands
 d - a wand of iceblast (11)
Scrolls
 a - 4 scrolls of identify


   Skills:
 * Level 1.7 Fighting
 - Level 2.0 Dodging
 + Level 3.6 Unarmed Combat
 * Level 2.6 Spellcasting
 * Level 2.5 Transmutations


You had 2 spell levels left.
You knew the following spells:

 Your Spells              Type           Power      Damage    Failure   Level
a - Beastly Appendage     Tmut           20%        N/A       6%          1
b - Wereblood             Tmut           10%        N/A       10%         2
c - Spider Form           Tmut/Pois      6%         N/A       32%         3

Your spell library contained the following spells:

 Spells                   Type           Power      Damage    Failure   Level
 Ice Form                 Ice/Tmut       6%         N/A       71%         4


Dungeon Overview and Level Annotations

Branches:
Dungeon (2/15)

Altars:

Annotations:
D:2 Sigmund


Innate Abilities, Weirdness & Mutations

One of your tentacles has grown a beastly spike.
You cannot wear most types of armour.
You are amphibious.
You can wear up to eight rings at the same time.
Your skin changes colour to match your surroundings (Stealth+).
Your rubbery body absorbs attacks. (AC +1, EV +1)
((You are camouflaged near water. (Stealth+)))
You have tentacles for arms and can constrict up to eight enemies at once.


Message History

You feel less confused.
Sigmund is suddenly surrounded by pale green light.
Sigmund drinks a potion.
Sigmund seems to speed up.
Sigmund barely misses you.
Unknown command.
Sigmund closely misses you.
You barely miss Sigmund. Your grab misses Sigmund. You squeeze Sigmund.
Sigmund is lightly wounded.
Sigmund barely misses you.
You closely miss Sigmund. Your grab misses Sigmund.
Sigmund is lightly wounded.
Sigmund casts a spell.
Sigmund flickers and vanishes!
Deactivating autopickup; reactivate with Ctrl-A.
Something completely misses you.
Unknown command.
You closely miss something.
Your tentacle spike misses something.
You tentacle-slap something but do no damage.
Something hits you!
You tentacle-slap something.
You pierce something.
Your tentacle-slap misses something.
You hear some strange, mumbled words.
A puff of flame appears from out of thin air!
The puff of flame hits you. Something hits you.
Unknown command.
You completely miss something.
Unknown command.
It was a potion of curing.
You feel better. Something hits you!
Unknown command.
You closely miss something.
You pierce something.
Something hits you.
* * * LOW HITPOINT WARNING * * *
You miss something.
You pierce something.
You squeeze something.
Your transformation is almost over.
Something hits you.
* * * LOW HITPOINT WARNING * * *
You miss something. You squeeze something!
You hear some strange, mumbled words.
A magic dart appears from out of thin air!
The magic dart hits you.
You die...

.#......# #.........#
<#####..# #.........#
........###.........#
.......##...........#
#####..##...........#
####..........###### ##
# #......#.#.#..##### .
#.###
##.#..###.#.#..#...#....
.....
......###.#.#...@{.'....
..)..
.#.#####..#.########....
#.... ....####.##.## .
#.... ##..##.>.#...#
#.... #..##..##.#.#
#.... #..#...##.#.##
#.### #......#..#..#
###.## ##.#..###.###.##
#....##
.....###..#.#..###
#....+<


There were no monsters in sight!

Vanquished Creatures
  An adder (D:2)
  A dart slug (D:1)
  4 endoplasms
  A giant cockroach (D:2)
  7 hobgoblins
  3 quokkas
  9 ball pythons
  5 bats
  2 frilled lizards
  4 goblins
  5 kobolds
42 creatures vanquished.

Notes
Turn   | Place    | Note
-------+----------+-------------------------------------------
     0 | D:1      | ytrimaz the Octopode Transmuter began the quest for the
                  | Orb.
     0 | D:1      | Reached XP level 1. HP: 13/13 MP: 3/3
   312 | D:1      | Found a faded altar of an unknown god.
   322 | D:1      | Reached XP level 2. HP: 8/18 MP: 3/5
   511 | D:1      | Learned a level 2 spell: Wereblood
   826 | D:1      | Reached XP level 3. HP: 23/23 MP: 4/6
   909 | D:1      | Learned a level 3 spell: Spider Form
  1805 | D:2      | Reached XP level 4. HP: 25/29 MP: 7/7
  2029 | D:2      | Noticed Sigmund
  2047 | D:2      | Killed from afar by Sigmund

Illustrated notes

Levels and vault maps discovered:
D:1:      minmay_arrival_nine_rooms, layout_rooms,
          nicolae_ecumenical_snake_handling, kennysheep_another_room
D:2:      minmay_general_purpose_star, layout_basic, fountainhead, uniq_sigmund

Action                   |  1- 3 |  4- 6 || total
-------------------------+-------+-------++-------
Melee: Unarmed           |    81 |    12 ||    93
       Constrict         |    26 |     1 ||    27
       Kick              |     8 |     4 ||    12
       Tentacles         |    12 |     3 ||    15
       Punch             |     2 |       ||     2
 Cast: Beastly Appendage |    11 |     2 ||    13
       Wereblood         |     2 |     1 ||     3
  Use: Scroll            |     2 |       ||     2
       Potion            |       |     2 ||     2
 Stab: Sleeping          |     5 |       ||     5
Armor: Skin              |     5 |     1 ||     6
Dodge: Dodged            |    70 |     8 ||    78

Table legend: (Time is in decaauts)
 A = Elapsed time spent in this place.
 B = Non-inter-level travel time spent in this place.
 C = Inter-level travel time spent in this place.
 D = Time resting spent in this place.
 E = Time spent auto-exploring this place.
 F = Levels seen in this place.
 G = Mean time per level.
                   A        B        C        D        E       F      G
               +--------+--------+--------+--------+--------+-----+--------+
         Total |   2041 |   2006 |     35 |      0 |   1666 |   2 | 1020.5 |
       Dungeon |   2041 |   2006 |     35 |      0 |   1666 |   2 | 1020.5 |
               +--------+--------+--------+--------+--------+-----+--------+

Top non-repeatable levels by time:
     D:1: 1210 daAuts
     D:2: 830 daAuts
